 Dungeon Sprint DCSS version 0.17-a0-1399-gd5b76e1 (webtiles) character file.

5854 Kidiri the Unseen (level 10, -11/39 HPs)
             Began as a Spriggan Enchanter on June 19, 2015.
             Was the Champion of Dithmenos.
             Mangled by Frances
             ... wielding a +1 war axe of holy wrath
              (30 damage)
             ... in the Dungeon (Sprint III: "The Ten Rune Challenge").
             The game lasted 00:19:29 (1569 turns).

Kidiri the Unseen (Spriggan Enchanter)              Turns: 1569, Time: 00:19:29

Health: -11/39     AC:  6    Str:  4    XL:     10   Next: 52%
Magic:  15/28      EV: 28    Int: 20    God:    Dithmenos [******]
Gold:   18         SH:  0    Dex: 19    Spells: 12 memorised, 1 level left

rFire  . . .     SeeInvis +     u - +0 dagger (drain)
rCold  . . .     Clarity  .     w - +2 robe {rN+}
rNeg   + . .     SustAt   .     (shield restricted)
rPois  .         Gourm    .     (helmet restricted)
rElec  .         Spirit   .     (no cloak)
rCorr  .         Warding  .     (gloves unavailable)
rMut   .         NoTele   +     (boots unavailable)
MR     +....                    (no amulet)
Stlth  ++++++++++               (no ring)
                                (no ring)

@: wreathed by umbra, very quick, somewhat resistant to hostile enchantments,
uncannily stealthy
A: unfitting armour, yellow scales 1, see invisible, agile 1, herbivore 3, speed
3, frail 1, slow metabolism 2, subdued magic 1, MP-powered wands
a: Shadow Step, Shadow Form, Renounce Religion


You were in the Dungeon.
You worshipped Dithmenos.
Dithmenos was exalted by your worship.
You were not hungry.

You visited 1 branch You collected 18 gold pieces.

Inventory:

Hand weapons
 a - a +1 dagger
 u - a +0 dagger of draining (weapon)
Armour
 b - a +1 robe
 w - a +2 robe of positive energy (worn)
Magical devices
 t - a wand of slowing (29)
Scrolls
 j - a scroll of blinking
 l - a scroll of immolation
 n - 2 scrolls of torment {unknown}
 p - 3 scrolls of remove curse
Potions
 e - a potion of curing
 g - a potion of haste
 h - 2 potions of magic
 i - 2 potions of berserk rage
 q - 3 potions of cure mutation
 r - 4 potions of flight
 s - a potion of might
 v - a potion of agility {unknown}
Books
 c - a book of Maledictions

   Spells                             Type                      Level
   a - Corona                         Hexes                        1
   b - Ensorcelled Hibernation        Hexes/Ice                    2
   c - Confuse                        Hexes                        3
   d - Tukima's Dance                 Hexes                        3
   e - Dazzling Spray                 Conjuration/Hexes            3
 m - a book of Air

   Spells                             Type                      Level
   a - Shock                          Conjuration/Air              1
   b - Swiftness                      Charms/Air                   2
   c - Repel Missiles                 Charms/Air                   2
   d - Static Discharge               Conjuration/Air              3
   e - Lightning Bolt                 Conjuration/Air              5
 o - a book of Ice

   Spells                             Type                      Level
   a - Ice Form                       Ice/Transmutation            4
   b - Metabolic Englaciation         Hexes/Ice                    5
   c - Ozocubu's Refrigeration        Ice                          6
   d - Bolt of Cold                   Conjuration/Ice              6
   e - Freezing Cloud                 Conjuration/Ice/Air          6
   f - Simulacrum                     Ice/Necromancy               6
Comestibles
 d - 2 bread rations
 k - 28 royal jellies


   Skills:
 + Level 8.4 Short Blades
 + Level 11.0 Dodging
 * Level 16.5 Stealth
 * Level 13.1 Spellcasting
 + Level 5.5 Conjurations
 + Level 10.1 Hexes
 + Level 8.6 Charms
 + Level 5.3 Transmutations
 + Level 6.1 Ice Magic
 + Level 5.2 Air Magic
 + Level 5.8 Invocations


You had one spell level left.
You knew the following spells:

 Your Spells              Type           Power        Failure   Level  Hunger
a - Corona                Hex            #####..      0%          1    None
b - Ensorcelled Hibernat  Hex/Ice        ####..       1%          2    None
c - Confuse               Hex            #####...     1%          3    None
d - Tukima's Dance        Hex            #####...     1%          3    None
e - Dazzling Spray        Conj/Hex       ####....     1%          3    None
f - Shock                 Conj/Air       ###.         1%          1    None
g - Repel Missiles        Chrm/Air       ####..       1%          2    None
h - Swiftness             Chrm/Air       ####....     1%          2    None
i - Static Discharge      Conj/Air       ###.....     1%          3    None
j - Metabolic Englaciati  Hex/Ice        ####......   3%          5    ####...
k - Ice Form              Ice/Trmt       ###.....     2%          4    None
l - Lightning Bolt        Conj/Air       ###.......   9%          5    ####...


Dungeon Overview and Level Annotations

Branches:
Dungeon (1/1)

Altars:
Cheibriados
Dithmenos
Elyvilon
Fedhas
Gozag
Kikubaaqudgha
Makhleb
Nemelex Xobeh
Okawaru
Qazlal
Ru
Sif Muna
Trog
Vehumet
Xom
Yredelemnul
Zin
The Shining One
Jiyva
Lugonu

Annotations:
D Frances


Innate Abilities, Weirdness & Mutations

You are tiny and cannot use many weapons and most armour.
You have supernaturally acute eyesight.
You are a herbivore.
You cover ground extremely quickly.
You need consume almost no food.
You are partially covered in yellow scales (AC +2).
You are agile. (Dex +2)
You are frail (-10% HP).
Your spells are a little easier to cast, but a little less powerful.
You expend magic power (3 MP) to strengthen your wands.


Message History

The shadow shard hits Frances.
Frances whispers indecipherable words.
Frances seems to speed up.
Casting: Dazzling Spray
Confirm with . or Enter, or press ? or * to list all spells.
Frances is struck by lightning.
Frances is almost dead.
The lightning arcs!
You are struck by lightning.
The lightning grounds out.
Frances closely misses you.
Casting: Static Discharge
Confirm with . or Enter, or press ? or * to list all spells.
Frances is struck by lightning.
Frances is almost dead.
The lightning arcs!
You are struck by lightning.
The lightning arcs!
Frances is struck by lightning.
Frances is almost dead.
The lightning grounds out.
Frances hits you with a war axe of holy wrath!!
Ouch! That really hurt!
You die...

#.#§§§#.((#...##.#.#.##...≈≈≈≈#*,
▓▓▓▓▓▓▓▓▓▓▓▓▓▓#.#.#.#.#.......#*,
,,,,,,,,≈≈≈,,,##.#.#.##.......#**
≈≈≈≈≈≈≈≈≈≈**,,+.#.#.#.#.......#*,
************,,##.#.#.##########*+
***##'#####**********,
**************#§§§+,≈≈≈≈**≈,≈≈≈**
,**≈≈≈≈≈≈,,*,,#§§§#,≈≈≈≈*,,≈*≈≈*,
*,*≈≈≈≈≈,,,*,,#§@@#,*≈≈≈**≈**≈≈**
,**+≈≈≈≈≈****+#####,*,≈≈≈***≈≈≈*,
,,,*≈≈,,,,,,,,*,,,,,***≈≈≈≈≈≈≈≈**
*,,*≈,,+*******,,,,,*,*,≈≈≈≈≈≈≈*,
****,,,*,,,,,,*,,,,,*+***≈≈≈≈≈≈*,
*,,,,,,****,_,*,,,,,*,,,*,≈≈≈≈≈**
*+*************+*****,,,***≈≈***,
*,,,,,,,,,,,***,,,,,+,,,+,*,**,*,
*,,,,,,,,,,,,**,*************,,+,


You could see Frances.

Vanquished Creatures
  Wiglaf (D)
  Josephine (D)
  A centaur warrior (D)
  An unseen horror (D)
  A deep elf priest (D)
  A queen bee (D)
  A shadow (D)
  A spatial vortex (D)
  A necrophage (D)
  2 centaurs (D)
  An earth elemental (D)
  A water elemental (D)
  32 killer bees (D)
  A jelly (D)
  A wizard (D)
  A necromancer (D)
  3 humans (D)
  A kobold demonologist (D)
  An ooze (D)
  A phantom (D)
  3 rats (D)
57 creatures vanquished.

Vanquished Creatures (others)
  2 draconian scorchers (D)
  2 yaktaurs (D)
4 creatures vanquished.

Grand Total: 61 creatures vanquished

Notes
Turn   | Place    | Note
--------------------------------------------------------------
     0 | D        | Kidiri the Spriggan Enchanter began the quest for the Orb.
     0 | D        | Reached XP level 1. HP: 9/9 MP: 5/5
    13 | D        | Reached skill level 5 in Stealth
   105 | D        | Killed a yaktaur
   148 | D        | Killed a white draconian scorcher
   170 | D        | Killed a white draconian scorcher
   220 | D        | Reached XP level 2. HP: 7/13 MP: 7/7
   224 | D        | Learned a level 2 spell: Ensorcelled Hibernation
   370 | D        | Reached skill level 6 in Stealth
   370 | D        | Reached XP level 3. HP: 16/16 MP: 6/10
   395 | D        | Gained mutation: You are frail (-10% HP). [potion of mutation]
   395 | D        | Gained mutation: You are agile. (Dex +2) [potion of mutation]
   395 | D        | Gained mutation: Your spells are a little easier to cast, but a little less powerful. [potion of mutation]
   396 | D        | Gained mutation: You expend magic power (3 MP) to strengthen your wands. [potion of mutation]
   396 | D        | Gained mutation: You are partially covered in yellow scales (AC +2). [potion of mutation]
   414 | D        | Noticed a water elemental
   417 | D        | Killed a water elemental
   417 | D        | Reached skill level 8 in Stealth
   417 | D        | Reached skill level 5 in Spellcasting
   417 | D        | Reached skill level 5 in Hexes
   417 | D        | Reached skill level 1 in Ice Magic
   417 | D        | Reached XP level 4. HP: 18/18 MP: 10/12
   422 | D        | Learned a level 3 spell: Confuse
   426 | D        | Learned a level 3 spell: Tukima's Dance
   430 | D        | Learned a level 3 spell: Dazzling Spray
   438 | D        | Noticed a jelly
   439 | D        | Noticed a shadow
   441 | D        | Killed a shadow
   441 | D        | Reached skill level 10 in Stealth
   441 | D        | Reached XP level 5. HP: 21/21 MP: 13/16
   445 | D        | Killed a jelly
   445 | D        | Reached XP level 6. HP: 25/25 MP: 13/17
   450 | D        | Found a stormy altar of Qazlal.
   451 | D        | Found a sacrificial altar of Ru.
   451 | D        | Found a burning altar of Makhleb.
   451 | D        | Found a viscous altar of Jiyva.
   451 | D        | Found a shimmering altar of Xom.
   451 | D        | Found a shadowy altar of Dithmenos.
   451 | D        | Found a sparkling altar of Nemelex Xobeh.
   451 | D        | Found a corrupted altar of Lugonu.
   451 | D        | Found an opulent altar of Gozag.
   451 | D        | Noticed a spatial vortex
   453 | D        | Killed a spatial vortex
   453 | D        | Reached skill level 5 in Short Blades
   453 | D        | Reached skill level 11 in Stealth
   456 | D        | Became a worshipper of Dithmenos the Shadowed
   483 | D        | Found a radiant altar of Vehumet.
   484 | D        | Found a deep blue altar of Sif Muna.
   484 | D        | Found an ancient bone altar of Kikubaaqudgha.
   484 | D        | Noticed a wizard
   488 | D        | Killed a wizard
   499 | D        | Learned a level 1 spell: Shock
   502 | D        | Learned a level 2 spell: Repel Missiles
   505 | D        | Learned a level 2 spell: Swiftness
   509 | D        | Learned a level 3 spell: Static Discharge
   550 | D        | Found a glowing silver altar of Zin.
   551 | D        | Found a glowing golden altar of the Shining One.
   551 | D        | Found a white marble altar of Elyvilon.
   551 | D        | Noticed a deep elf priest
   553 | D        | Killed a deep elf priest
   553 | D        | Reached skill level 12 in Stealth
   553 | D        | Reached skill level 1 in Air Magic
   553 | D        | Reached XP level 7. HP: 28/28 MP: 18/20
   565 | D        | Found an iron altar of Okawaru.
   566 | D        | Found a bloodstained altar of Trog.
   566 | D        | Noticed a human
   566 | D        | Noticed a human
   568 | D        | Killed a human
   569 | D        | Killed a human
   569 | D        | Reached skill level 10 in Spellcasting
   586 | D        | Found a snail-covered altar of Cheibriados.
   586 | D        | Noticed a necrophage
   587 | D        | Found a basalt altar of Yredelemnul.
   587 | D        | Found a blossoming altar of Fedhas.
   587 | D        | Noticed a necromancer
   588 | D        | Killed a necrophage
   588 | D        | Acquired Dithmenos's first power
   588 | D        | Reached XP level 8. HP: 32/32 MP: 23/23
   589 | D        | Killed a necromancer
   617 | D        | Learned a level 5 spell: Metabolic Englaciation
   620 | D        | Noticed Josephine
   623 | D        | Killed Josephine
   623 | D        | Reached skill level 13 in Stealth
   623 | D        | Reached skill level 5 in Charms
   640 | D        | Noticed an earth elemental
   643 | D        | Killed an earth elemental
   643 | D        | Reached skill level 14 in Stealth
   643 | D        | Reached skill level 5 in Ice Magic
   648 | D        | Noticed a centaur
   648 | D        | Noticed a centaur warrior
   648 | D        | Noticed a centaur
   663 | D        | Killed a centaur
   666 | D        | Killed a centaur
   666 | D        | Acquired Dithmenos's second power
   666 | D        | Reached XP level 9. HP: 28/35 MP: 3/25
   677 | D        | Killed a centaur warrior
   677 | D        | Reached skill level 10 in Dodging
   683 | D        | Learned a level 4 spell: Ice Form
   804 | D        | Noticed an unseen horror
   812 | D        | Killed an unseen horror
   812 | D        | Reached skill level 15 in Stealth
   812 | D        | Reached skill level 1 in Transmutations
   812 | D        | Reached skill level 5 in Invocations
   819 | D        | Noticed a killer bee
   819 | D        | Noticed a killer bee
   819 | D        | Noticed a killer bee
   819 | D        | Noticed a killer bee
   819 | D        | Noticed a killer bee
   819 | D        | Noticed a killer bee
   819 | D        | Noticed a killer bee
   819 | D        | Noticed a killer bee
   819 | D        | Noticed a killer bee
   819 | D        | Noticed a killer bee
   819 | D        | Noticed a killer bee
   819 | D        | Noticed a killer bee
   819 | D        | Noticed a killer bee
   819 | D        | Noticed a killer bee
   819 | D        | Noticed a killer bee
   820 | D        | Noticed a killer bee
   821 | D        | Noticed a killer bee
   821 | D        | Noticed a killer bee
   821 | D        | Noticed a killer bee
   822 | D        | Noticed a killer bee
   822 | D        | Noticed a killer bee
   822 | D        | Noticed a killer bee
   823 | D        | Noticed a killer bee
   823 | D        | Noticed a killer bee
   823 | D        | Noticed a killer bee
   823 | D        | Killed a killer bee
   825 | D        | Noticed a killer bee
   825 | D        | Noticed a killer bee
   825 | D        | Killed a killer bee
   825 | D        | Acquired Dithmenos's third power
   827 | D        | Noticed a killer bee
   827 | D        | Noticed a killer bee
   828 | D        | Killed a killer bee
   829 | D        | Noticed a killer bee
   830 | D        | Killed a killer bee
   832 | D        | Noticed a queen bee
   832 | D        | Killed a killer bee
   834 | D        | Killed a killer bee
   836 | D        | Killed a killer bee
   838 | D        | Noticed a killer bee
   838 | D        | Noticed a killer bee
   838 | D        | Killed a killer bee
   838 | D        | Acquired Dithmenos's fourth power
   851 | D        | Killed a killer bee
   999 | D        | Killed a killer bee
  1001 | D        | Killed a killer bee
  1005 | D        | Killed a killer bee
  1005 | D        | Reached skill level 5 in Conjurations
  1007 | D        | Killed a killer bee
  1009 | D        | Killed a killer bee
  1011 | D        | Killed a killer bee
  1013 | D        | Killed a killer bee
  1013 | D        | Reached XP level 10. HP: 39/39 MP: 14/27
  1015 | D        | Killed a killer bee
  1018 | D        | Killed a killer bee
  1020 | D        | Killed a killer bee
  1026 | D        | Killed a killer bee
  1037 | D        | Killed a killer bee
  1044 | D        | Killed a killer bee
  1186 | D        | Learned a level 5 spell: Lightning Bolt
  1195 | D        | Killed a killer bee
  1196 | D        | Killed a killer bee
  1203 | D        | Killed a killer bee
  1206 | D        | Killed a killer bee
  1211 | D        | Killed a killer bee
  1217 | D        | Killed a killer bee
  1220 | D        | Killed a killer bee
  1222 | D        | Killed a yaktaur
  1223 | D        | Killed a killer bee
  1247 | D        | Killed a killer bee
  1251 | D        | Killed a killer bee
  1487 | D        | Killed a queen bee
  1487 | D        | Reached skill level 16 in Stealth
  1563 | D        | Noticed Wiglaf
  1563 | D        | Noticed Frances
  1565 | D        | Killed Wiglaf
  1565 | D        | Reached skill level 10 in Hexes
  1565 | D        | Reached skill level 5 in Transmutations
  1565 | D        | Reached skill level 5 in Air Magic
  1569 | D        | Mangled by Frances

Vault maps used:
D:        dungeon_sprint_mu

Action                   |  1- 3 |  4- 6 |  7- 9 | 10-12 || total
-------------------------+-------+-------+-------+-------++-------
Melee: Dagger            |    23 |     8 |    46 |    70 ||   147
 Cast: Corona            |     1 |       |       |       ||     1
       Ensorcelled Hiber |     1 |     1 |    23 |    26 ||    51
       Dazzling Spray    |       |     1 |     3 |     1 ||     5
       Confuse           |       |     1 |       |     1 ||     2
       Static Discharge  |       |       |     3 |     2 ||     5
       Metabolic Englaci |       |       |     1 |       ||     1
       Shock             |       |       |     2 |       ||     2
Invok: Shadow Step       |       |       |       |     1 ||     1
  Use: Scroll            |     4 |       |       |       ||     4
       Potion            |     2 |       |     1 |     1 ||     4
 Stab: Sleeping          |     4 |     4 |    23 |    14 ||    45
       Confused          |       |     1 |       |     1 ||     2
       Invisible         |       |     1 |       |       ||     1
       Distracted        |       |       |       |     1 ||     1
